 Dungeon Crawl Stone Soup version 0.31-a0-968-g24f9ace8b5 (webtiles) character file.

Game seed: 1901677556280408371

2646 BinkBink the Chopper (level 9, -5/56 HPs)
             Began as a Gargoyle Fighter on Oct 27, 2023.
             Was a Follower of Qazlal.
             Slain by a two-headed ogre
             ... wielding a +0 giant club
              (28 damage)
             ... on level 8 of the Dungeon.
             The game lasted 00:12:10 (7727 turns).

BinkBink the Chopper (Gargoyle Fighter)             Turns: 7727, Time: 00:12:10

Health: -5/56      AC: 13    Str: 20    XL:     9   Next: 62%
Magic:  9/9        EV: 13    Int:  9    God:    Qazlal [*.....]
Gold:   311        SH:  7    Dex: 13    Spells: 8/8 levels left

rFire   + . .        a - +0 war axe
rCold   + . .        c - +0 buckler
rNeg    + + .        e - +0 robe {rC+ rF+}
rPois   ∞            F - +2 hat of the Little Devil {Rampage}
rElec   +            (no cloak)
rCorr   .            B - +0 pair of gloves
SInv    .            I - +0 pair of boots
Will    .....        t - amulet of the acrobat
Stlth   +            f - ring of positive energy
HPRegen 0.29/turn    (no ring)
MPRegen 0.11/turn

%: acrobat, rampage
@: no status effects
A: sickness immunity, AC +6, negative energy resistance 1, electricity
resistance, torment resistance 1, petrification resistance
a: Renounce Religion


You were on level 8 of the Dungeon.
You worshipped Qazlal.
Qazlal was aware of your devotion.
You visited 2 branches of the dungeon, and saw 9 of its levels.
You also visited: Ossuary.

You collected 353 gold pieces.
You spent 42 gold pieces at shops.

Inventory:

Hand Weapons
 a - a +0 war axe (weapon)
Armour
 b - a +0 scale mail
 c - a +0 buckler (worn)
 e - a +0 robe of resistance (worn)
 B - a +0 pair of gloves (worn)
 F - the +2 hat of the Little Devil (worn) {Rampage}
   (You found it on level 6 of the Dungeon)

   Rampage:   It bestows one free step when moving towards enemies.
 I - a +0 pair of boots (worn)
Jewellery
 f - a ring of positive energy (left hand)
 p - a ring of ice
 t - an amulet of the acrobat (around neck)
 v - a ring of wizardry
 y - a ring of fire
 C - the ring "Qaudgh" {MP+9 Stlth+}
   (You found it on level 8 of the Dungeon)

   [ring of magical power]

   MP+9:      It affects your magic capacity (+9).
   Stlth+:    It makes you more stealthy.
 D - an amulet of reflection
 J - a ring of protection from cold
Wands
 A - a wand of roots (13)
 G - a wand of flame (3)
Scrolls
 g - a scroll of noise
 h - a scroll of fog
 j - 5 scrolls of teleportation
 k - a scroll of torment
 l - a scroll of fear
 m - 2 scrolls of revelation
 n - a scroll of poison
 q - 4 scrolls of enchant weapon
 s - 2 scrolls of blinking
 K - a scroll of silence {unknown}
Potions
 d - 3 potions of resistance {unknown}
 i - 2 potions of invisibility {unknown}
 r - 3 potions of enlightenment {unknown}
 u - 2 potions of brilliance {unknown}
 w - 2 potions of lignification {unknown}
 x - a potion of cancellation {unknown}
 z - 4 potions of curing {unknown}
 E - a potion of mutation {unknown}
 H - a potion of haste {unknown}


   Skills:
 + Level 6.6 Fighting
 * Level 7.1 Axes
 + Level 6.6 Armour
 + Level 4.0 Dodging
 + Level 6.4 Shields


You had 8 spell levels left.
You didn't know any spells.
Your spell library contained the following spells:

 Spells                   Type           Power      Damage    Failure   Level
 Ozocubu's Armour         Ice            0%         N/A       82%         3
 Ozocubu's Refrigeration  Ice            0%         4d7       100%        7


Dungeon Overview and Level Annotations

Branches:
Dungeon (8/15)             Temple (1/1) D:6         Ossuary (visited)
   Lair: D:8-11

Altars:
Ashenzari
Cheibriados
Dithmenos
Elyvilon
Fedhas
Gozag
Hepliaklqana
Kikubaaqudgha
Makhleb
Nemelex Xobeh
Okawaru
Qazlal
Ru
Sif Muna
Trog
Uskayaw
Vehumet
Wu Jian
Xom
Yredelemnul
Zin
The Shining One

Shops:
D:3 *


Innate Abilities, Weirdness & Mutations

You are immune to sickness and miasma.
Your stone body is resilient. (AC +6)
You are immune to poison.
You resist negative energy. (rN+)
You are resistant to electric shocks. (rElec)
You are resistant to unholy torment.
You are immune to petrification.


Message History

Reactivating autopickup.
You feel a bit more experienced.
You see here a sky beast corpse.
As you open the door, it creaks loudly!
You hear two shouts!
A two-headed ogre comes into view. It is wielding two +0 giant clubs.
A two-headed ogre is nearby!
A two-headed ogre is nearby!
You hit the two-headed ogre.
The two-headed ogre is lightly wounded.
The two-headed ogre hits you with a +0 giant club!
The two-headed ogre hits you with a +0 giant club.
You hit the two-headed ogre.
The two-headed ogre is lightly wounded.
The two-headed ogre hits you with a +0 giant club!
You block the two-headed ogre's attack.
You feel much better.
You slash the two-headed ogre!
The two-headed ogre is moderately wounded.
You block the two-headed ogre's attack.
The two-headed ogre hits you with a +0 giant club!
You slash the two-headed ogre!
The two-headed ogre is heavily wounded.
You block the two-headed ogre's attack. The two-headed ogre closely misses you.
You slash the two-headed ogre!
The two-headed ogre is heavily wounded.
The two-headed ogre hits you with a +0 giant club.
You block the two-headed ogre's attack.
You slash the two-headed ogre!
The two-headed ogre is severely wounded.
You barely miss the two-headed ogre.
The two-headed ogre is severely wounded.
The two-headed ogre hits you with a +0 giant club! x2
* * * LOW HITPOINT WARNING * * *
You feel much better. You block the two-headed ogre's attack.
The two-headed ogre hits you with a +0 giant club!
You hit the two-headed ogre.
The two-headed ogre is severely wounded.
The two-headed ogre hits you with a +0 giant club!!
Ouch! That really hurt!
You die...

# .................... #.
.................... #.#
...........##.......
###...#######.##.##.......
#.....#...# #.##.##...#...
#.'...# #.##<##...#.##
###...# ..#########..#
#####.O†##+## ##..
#....≈.@....# ###
#.....≈.....# #######
#......≈....# #......
######+#≈#'#######.#####
#....≈......##.#
#.....≈.....##.#
#......≈....#..#
##+##...#####..#
#...#.....##


You could see a two-headed ogre.

Vanquished Creatures
  A steam dragon (D:7)
  3 water moccasins
  An orc warrior (D:7)
  3 sky beasts
  A black bear (D:6)
  An ogre (D:4)
  A phantom (D:7)
  3 scorpions
  3 elf zombies (Ossuary)
  5 killer bees (D:7)
  6 centaur zombies (Ossuary)
  4 hounds
  3 human zombies (Ossuary)
  A jelly (D:7)
  A gnoll bouda (D:6)
  A sleepcap (D:5)
  2 iguanas
  6 orc wizards
  3 mummies (Ossuary)
  Robin (D:3)
  7 adders
  7 gnolls
  2 worms (D:3)
  2 dart slugs (D:1)
  32 orcs
  4 bats
  5 endoplasms
  2 giant cockroaches
  13 goblins
  5 hobgoblins
  4 jackals
  4 kobolds
  4 quokkas
  4 ball pythons
  A frilled lizard (D:1)
  7 rats
  A spectral orc (D:3)
154 creatures vanquished.

Notes
Turn   | Place    | Note
-------+----------+-------------------------------------------
     0 | D:1      | BinkBink the Gargoyle Fighter began the quest for the Orb.
     0 | D:1      | Reached XP level 1. HP: 14/14 MP: 1/1
   202 | D:1      | Reached skill level 2 in Axes
   265 | D:1      | Reached XP level 2. HP: 19/19 MP: 2/2
  1135 | D:2      | Reached XP level 3. HP: 23/23 MP: 3/3
  1997 | D:3      | Noticed Robin
  2010 | D:3      | Killed Robin
  2011 | D:3      | Reached XP level 4. HP: 4/28 MP: 4/4
  2194 | D:3      | Reached skill level 1 in Dodging
  2194 | D:3      | Found Kiasir's General Store.
  2236 | D:3      | Bought a scroll of teleportation for 42 gold pieces
  2331 | D:3      | Found a hazy altar of Hepliaklqana.
  2602 | D:4      | Reached skill level 3 in Axes
  2602 | D:4      | Reached XP level 5. HP: 33/33 MP: 5/5
  2676 | D:4      | Noticed an ogre
  2713 | D:4      | Identified the +1 ring mail "Petsun" {rPois rF+ Str+2
                  | Dex-3}
  2825 | D:4      | Found a sand-covered staircase.
  2845 | Ossuary  | Entered an ossuary
  2956 | Ossuary  | Reached XP level 6. HP: 26/38 MP: 6/6
  3122 | Ossuary  | Reached skill level 4 in Axes
  3140 | Ossuary  | Reached XP level 7. HP: 39/44 MP: 7/7
  3936 | D:4      | Reached skill level 5 in Fighting
  4094 | D:5      | Entered Level 5 of the Dungeon
  4174 | D:5      | Reached skill level 5 in Armour
  4217 | D:5      | Reached skill level 5 in Axes
  4217 | D:5      | Reached XP level 8. HP: 49/49 MP: 8/8
  4432 | D:5      | Found a snail-covered altar of Cheibriados.
  4502 | D:5      | Found a bloodstained altar of Trog.
  4681 | D:5      | Reached skill level 5 in Shields
  5617 | D:6      | Identified the +2 hat of the Little Devil {Rampage}
  6246 | D:6      | Found a staircase to the Ecumenical Temple.
  6257 | Temple   | Entered the Ecumenical Temple
  6262 | Temple   | Became a worshipper of Qazlal Stormbringer
  6276 | D:6      | Reached skill level 6 in Axes
  6310 | D:6      | Found a shimmering altar of Xom.
  6312 | D:6      | Found a glowing silver altar of Zin.
  6312 | D:6      | Found a basalt altar of Yredelemnul.
  6314 | D:6      | Found a shimmering blue altar of Sif Muna.
  6314 | D:6      | Found a white marble altar of Elyvilon.
  6314 | D:6      | Found a glowing silver altar of Zin.
  6623 | D:7      | Reached XP level 9. HP: 55/55 MP: 9/9
  7020 | D:7      | Found an ancient bone altar of Kikubaaqudgha.
  7081 | D:7      | Found a burning altar of Makhleb.
  7082 | D:7      | Noticed a balrug
  7087 | D:7      | Found a glowing silver altar of Zin.
  7087 | D:7      | Noticed an angel
  7330 | D:7      | Reached skill level 7 in Axes
  7456 | D:8      | Identified the ring "Qaudgh" {MP+9 Stlth+}
  7480 | D:8      | Reached * piety under Qazlal
  7714 | D:8      | Noticed a two-headed ogre
  7727 | D:8      | Slain by a two-headed ogre

Illustrated notes

Levels and vault maps discovered:
D:1:      wander_arrival_estate, layout_loops_ring, serial_rivers,
          chequers_serial_rivers_room_a, chequers_serial_rivers_room_b,
          chequers_serial_rivers_marsh, chequers_serial_rivers_large_b,
          chequers_serial_rivers_small_a, dreamdust_princess_bridge
D:2:      layout_basic
D:3:      layout_rooms, nicolae_hepliaklqana_monster_ancestors, serial_shops,
          shop, minmay_crystal_water, uniq_robin
D:4:      layout_gridville, nicolae_ossuary_entry_false_entrances
D:5:      layout_basic, lightli_temple_of_fire, cheibriados_altar_1
D:6:      layout_basic, doesnt_xom_only_xom, minmay_temple_entry_waves
D:7:      layout_basic, grunt_temple_overflow_order_and_chaos_2,
          kiku_gazebo_garden_becter
D:8:      minmay_the_grid_triangle_9x9_rhombus_full
          [minmay_the_grid_triangle_9x9_steps,
          minmay_the_grid_triangle_9x9_skeleton,
          minmay_the_grid_triangle_9x9_limited_checkers,
          minmay_the_grid_triangle_9x9_shrine,
          minmay_the_grid_triangle_9x9_tough_junction,
          minmay_the_grid_triangle_9x9_dagger,
          minmay_the_grid_triangle_9x9_fully_insulated_deathbox,
          minmay_the_grid_triangle_9x9_prize_top_heavy], layout_basic,
          serial_corexii_hall, corexii_hall_statues_i, chequers_hall_statues_y,
          chequers_hall_statues_wall_a, corexii_hall_statues_l, roderic_batcave,
          hangedman_abyss_or_decor_clamps
Temple:   minmay_freezing_vapour_temple

Skill      XL: |  1  2  3  4  5  6  7  8  9 |
---------------+----------------------------+-----
Axes           | 2 3 4 5 6 7 |  7.1
Dodging        | 1 2 3 4 |  4.0
Fighting       | 4 5 6 |  6.6
Armour         | 4 5 6 |  6.6
Shields        | 4 5 6 |  6.4

Action                     |  1- 3 |  4- 6 |  7- 9 || total
---------------------------+-------+-------+-------++-------
  Melee: War axe           |   105 |   208 |   509 ||   822
    Use: Potion            |     1 |     2 |     3 ||     6
         Scroll            |       |     2 |     7 ||     9
   Stab: Sleeping          |     1 |     1 |     1 ||     3
 Armour: Robe              |    67 |   125 |   364 ||   556
         Scale mail        |     3 |       |       ||     3
  Dodge: Dodged            |    50 |   113 |   349 ||   512
  Block: Buckler           |    24 |    35 |   145 ||   204

Table legend: (Time is in decaauts)
 A = Elapsed time spent in this place.
 B = Non-inter-level travel time spent in this place.
 C = Inter-level travel time spent in this place.
 D = Time resting spent in this place.
 E = Time spent auto-exploring this place.
 F = Levels seen in this place.
 G = Mean time per level.
                   A        B        C        D        E       F      G
               +--------+--------+--------+--------+--------+-----+--------+
         Total |   8008 |   7824 |    184 |   1090 |   4607 |  10 |  800.8 |
       Dungeon |   7359 |   7179 |    180 |    853 |   4500 |   8 |  919.9 |
        Temple |     10 |      6 |      4 |      0 |      0 |   1 |   10.0 |
       Ossuary |    638 |    638 |      0 |    237 |    107 |   1 |  638.0 |
               +--------+--------+--------+--------+--------+-----+--------+

Top non-repeatable levels by time:
     D:5: 1509 daAuts
     D:4: 1133 daAuts
     D:6: 948 daAuts
     D:7: 920 daAuts
     D:1: 907 daAuts
     D:2: 841 daAuts
     D:3: 757 daAuts
 Ossuary: 638 daAuts
     D:8: 341 daAuts
  Temple: 10 daAuts
